 Dungeon Crawl Stone Soup version 0.25.0-11-g1f837a76a1 (webtiles) character file.

Game seed: 14907981042771126192

186500 Ge0ff the Unseen (level 16, 0/80 HPs)
             Began as a Spriggan Enchanter on June 25, 2020.
             Was the Champion of Dithmenos.
             Blown up by a lich (80 damage)
             ... with an orb of destruction
             ... on level 3 of the Depths on June 26, 2020.
             The game lasted 02:26:19 (37243 turns).

Ge0ff the Unseen (Spriggan Enchanter)              Turns: 37243, Time: 02:26:19

Health: 0/80       AC: 10    Str:  4    XL:     16   Next: 78%
Magic:  34/34      EV: 28    Int: 24    God:    Dithmenos [******]
Gold:   1424       SH:  9    Dex: 21    Spells: 20/41 levels left

rFire    + . .     SeeInvis +   a - +6 dagger (drain)
rCold    + + .     Gourm    .   b - +2 buckler
rNeg     + . .     Faith    .   Y - +3 troll leather armour
rPois    +         Spirit   .   D - -2 hat of the Alchemist {rElec rPois rF+ rC+ rN+ MR+ rMut rCorr}
rElec    +         Reflect  .   Q - +2 cloak {rCorr}
rCorr    +         Harm     .   (gloves unavailable)
rMut     +                      (boots unavailable)
MR       +++..                  x - amulet of magic regeneration
Stlth    ++++++++++             t - ring of Vetekock {Int+5 Slay+4, =R}
HPRegen  0.63/turn              Z - ring of wizardry
MPRegen  0.49/turn

@: very slightly contaminated, wreathed by umbra, lightly drained, invisible,
very quick
A: very small, unfitting armour, fangs 1, molten scales 1, see invisible, cold
resistance 1, herbivore, speed 3, electricity resistance, slow metabolism 2
}: 3/15 runes: barnacled, abyssal, gossamer
a: Shadow Step, Shadow Form, Renounce Religion


You were on level 3 of the Depths.
You worshipped Dithmenos.
Dithmenos was exalted by your worship.
You were full.

You visited 7 branches of the dungeon, and saw 37 of its levels.
You visited the Abyss 1 time.
You visited 1 bazaar.
You also visited: Sewer and Wizlab.

You collected 4292 gold pieces.
You spent 2868 gold pieces at shops.

Inventory:

Hand Weapons
 a - a +6 dagger of draining (weapon)
 h - a +0 vampiric rapier
 A - a +1 short sword of distortion
Missiles
 g - 9 datura-tipped darts {=f}
 v - 4 curare-tipped darts {=f}
 C - 23 boomerangs (quivered)
Armour
 b - a +2 buckler (worn)
 w - a +2 robe of resistance
 D - the -2 hat of the Alchemist (worn) {rElec rPois rF+ rC+ rN+ MR+ rMut rCorr}
   (You found it in a wizard's laboratory)

   It protects you from fire.
   It protects you from cold.
   It insulates you from electricity.
   It protects you from poison.
   It protects you from negative energy.
   It affects your resistance to hostile enchantments.
   It provides partial protection from all sources of acid and corrosion.
   It protects you from mutation.
 Q - a +2 cloak of preservation (worn)
 Y - a +3 troll leather armour (worn)
Jewellery
 f - an uncursed ring of positive energy
 t - the ring of Vetekock (left hand) {Int+5 Slay+4, =R}
   (You acquired it on level 2 of the Orcish Mines)

   [ring of slaying]

   It affects your intelligence (+5).
   It affects your accuracy and damage with ranged weapons and melee attacks
   (+4).
 x - an amulet of magic regeneration (around neck)
 G - an uncursed ring of protection from magic
 P - an uncursed ring of protection from fire
 Z - a ring of wizardry (right hand)
Wands
 c - a wand of clouds (7)
 d - a wand of digging (4)
 e - a wand of enslavement (16)
 j - a wand of acid (6)
 k - a wand of iceblast (23)
 p - a wand of paralysis (30)
 s - a wand of disintegration (10)
Scrolls
 i - 5 scrolls of identify
 m - 6 scrolls of magic mapping
 u - a scroll of holy word
 y - 2 scrolls of immolation
 B - 3 scrolls of blinking
 E - 2 scrolls of fear
 F - 6 scrolls of fog
 J - 2 scrolls of silence {!r}
 L - 2 scrolls of brand weapon
 S - 7 scrolls of summoning
 T - 16 scrolls of teleportation
 V - a scroll of vulnerability
Potions
 l - 2 potions of brilliance
 n - 2 potions of stabbing
 o - a potion of ambrosia
 q - 11 potions of curing
 z - 4 potions of mutation
 H - 6 potions of haste {!q}
 I - a potion of invisibility
 K - 4 potions of magic {!q}
 M - 9 potions of might
 N - 3 potions of cancellation {!q}
 R - a potion of resistance
 W - 6 potions of heal wounds {!q}
 X - 6 potions of flight
Miscellaneous
 O - a box of beasts
 U - 2 phantom mirrors
Comestibles
 r - 33 rations


   Skills:
 + Level 7.6(7.2) Fighting
 - Level 10.0(9.5) Short Blades
 + Level 13.6(13.0) Dodging
 + Level 19.3(18.7) Stealth
 - Level 2.0(1.6) Shields
 - Level 13.0(12.4) Spellcasting
 - Level 3.0(2.6) Conjurations
 - Level 14.0(13.4) Hexes
 - Level 3.0(2.6) Summonings
 + Level 11.7(11.2) Translocations
 * Level 3.0(2.6) Transmutations
 - Level 3.0(2.6) Ice Magic
 - Level 2.0(1.6) Earth Magic
 * Level 11.0(10.5) Invocations
 - Level 8.5(8.0) Evocations


You had 20 spell levels left.
You knew the following spells:

 Your Spells              Type           Power        Failure   Level  Hunger
d - Tukima's Dance        Hex            ######..     1%          3    None
g - Apportation           Tloc           ######       1%          1    None
i - Invisibility          Hex            ######..     2%          6    #####..
k - Ensorcelled Hibernat  Hex/Ice        ######       1%          2    None
m - Dazzling Flash        Conj/Hex       ######       1%          3    None
o - Summon Butterflies    Summ           ####....     1%          1    None
t - Confusing Touch       Hex            ######..     1%          3    None
w - Passwall              Tmut/Erth      ####....     2%          2    None

Your spell library contained the following spells:

 Spells                   Type           Power        Failure   Level  Hunger
 Corona                   Hex            ######.      1%          1    None
 Lesser Beckoning         Tloc           ######....   1%          3    None
 Sting                    Tmut/Pois      ###.         2%          1    None
 Sticks to Snakes         Tmut           ####....     2%          2    None
 Yara's Violent Unravell  Hex/Tmut       ######....   4%          5    ###....
 Poisonous Vapours        Pois/Air       ##....       7%          2    None
 Spider Form              Tmut/Pois      ###.......   8%          3    None
 Ignite Poison            Fire/Tmut/Pois ###.....     9%          3    None
 Mephitic Cloud           Conj/Pois/Air  ###.....     10%         3    None
 Olgreb's Toxic Radiance  Pois           ##......     38%         4    None
 Blade Hands              Tmut           ####......   38%         5    ###....
 Irradiate                Conj/Tmut      ####......   38%         5    ###....
 Alistair's Intoxication  Tmut/Pois      ###.....     54%         5    ###....
 Statue Form              Tmut/Erth      ####.....    93%         6    #####..
 Eringya's Noxious Bog    Tmut/Pois      ###.......   98%         6    #####..
 Death Channel            Necr           ##........   99%         6    #####..
 Dragon Form              Tmut           ####......   100%        7    ######.


Dungeon Overview and Level Annotations

Branches:
Dungeon (15/15)            Temple (1/1) D:6            Lair (6/6) D:11
 Shoals (4/4) Lair:4       Spider (4/4) Lair:2        Slime (0/5) Lair:5
    Orc (2/2) D:9             Elf (0/3) Orc:2        Depths (5/5) D:15
  Sewer (visited)          WizLab (visited)
 Vaults: D:13-14        Zot: Depths:5

Altars:
Cheibriados
Dithmenos
Elyvilon
Fedhas
Kikubaaqudgha
Makhleb
Nemelex Xobeh
Okawaru
Qazlal
Ru
Sif Muna
Trog
Uskayaw
Wu Jian
Xom
Yredelemnul
Beogh
Jiyva

Shops:
D:7 [   Orc:1 [   Orc:2 *!?*   Depths:1 (

Portals:
Hell: Depths:3
Abyss: Depths:3 Depths:4
Ziggurat: Depths:1

Annotations:
D:13 exclusion: skeletal warrior
D:14 exclusion: 2 ugly things
D:15 exclusions: 2 ugly things and 1 more exclusion
Shoals:2 exclusion: 2 death yaks
Shoals:3 1 runed translucent door, exclusion: merfolk aquamancer, thechecker02's ghost, adept GnFi
Depths:1 exclusions: door and 2 lightning spires, Mara
Depths:3 exclusion: downstairs


Innate Abilities, Weirdness & Mutations

You are very small and have problems with some larger weapons.
You are too small for most types of armour.
You have supernaturally acute eyesight. (SInv)
You are a herbivore.
You cover ground extremely quickly.
You need to consume almost no food.
You have very sharp teeth.
You are partially covered in molten scales. (AC +2)
Your flesh is cold resistant. (rC+)
You are resistant to electric shocks. (rElec)


Message History

You can't see that place. [the floor.] Reduced exclusion size to a single square.
Removed exclusion.
Found a stone staircase leading down.
The lich shouts!
The red ugly thing gurgles horribly! x2
The green very ugly thing gurgles horribly!
The red ugly thing gurgles horribly! x3
The red very ugly thing gurgles horribly!
The purple ugly thing gurgles horribly! x2
Found an embroidered scarf.
Found a stone staircase leading up.
The lich conjures a glowing orb.
The red ugly thing gurgles horribly!
An orb of destruction comes into view.
The red ugly thing gurgles horribly!
There is a stone staircase leading down here.
The orb of destruction hits you!!!!
Ouch! That really hurt!
You die...

≈≈,,,*,*,,,*,*,*,*,*,*,*,*,**,,**
≈≈,******,,**,*,*,*,*,*,*,**,,**,
≈≈,,,,,..,,*,#,*,*,*,*,*,**,,**,,
≈≈≈,,,.....**.#,#.*,*,*,**,,**,,*
≈≈,,,......*,*.#.*,*,*,**,,,,,,**
,,,,.......####.########*********
,,*##...................,,,*
*,.#....................,,,**
#,....u.u.u....☼@.......*,,,***
###.....uuu...☼..##.####*,,,,,*
....≈≈..uuu.%○○..#*,,***,,,,,,*
≈≈≈.≈≈..uu..°....#**,,,*,,,,,**
....≈≈≈≈u...L....#***,,,*,,,**
....≈≈≈≈...○.....[.#*,,,*****
##..≈≈≈≈..........##,,,,,**
..#.≈≈≈≈..........#,,,,,,,*
..#....≈..#.........,,,,,,*


You could see a green very ugly thing (wandering), a lich and 5 ugly things.

Vanquished Creatures
  A sphinx (Depths:2)
  A tengu reaver (Depths:1)
  Kirke (Lair:5)
  2 ghost moths (Spider:4)
  A very ugly thing (WizLab)
  A stone giant (Depths:3)
  A dire elephant (Lair:6)
  An ettin (shapeshifter) (WizLab)
  The ghost of Ge0ff the Unseen, a journeyman SpEn of Dithmenos (Orc:2)
  2 ettins
  An ogre mage (D:15)
  A yaktaur captain (Depths:2)
  A fire dragon (D:15)
  An ice dragon (D:15)
  3 rakshasas (Depths:3)
  The ghost of Alannah the Commander, a journeyman DsHu of Okawaru (D:11)
  11 hydras
  Erica (D:11)
  3 catoblepae
  A merfolk aquamancer (Shoals:3)
  2 dancing weapons (Abyss:4)
  7 centaur warriors
  10 two-headed ogres
  2 tengu warriors (Depths:2)
  3 death yaks (Lair:5)
  Urug (D:11)
  2 thrashing horrors (Abyss:3)
  2 orc high priests
  Sonja (Lair:5)
  A fire crab (shapeshifter) (WizLab)
  A deep elf knight (D:13)
  A death drake (shapeshifter) (WizLab)
  A hell knight (Depths:3)
  A flayed ghost (Depths:2)
  A sea snake (Shoals:3)
  An unseen horror (shapeshifter) (WizLab)
  3 deep elf magi
  3 unseen horrors
  2 wizards
  An anaconda skeleton (Abyss:3)
  An iron dragon zombie (Depths:1)
  6 orc knights
  A necromancer (Depths:1)
  A shadow dragon skeleton (Depths:1)
  A harpy (shapeshifter) (Depths:2)
  A wolf spider zombie (D:15)
  2 orb spiders (Spider:4)
  3 fauns (Shoals:2)
  A mana viper (Abyss:4)
  3 orc sorcerers (Orc:2)
  6 manticores
  3 cyclopes
  A manticore (shapeshifter) (Depths:1)
  A moth of wrath (Spider:2)
  9 ugly things
  3 centaur zombies
  3 elephants (Lair:5)
  A black mamba (shapeshifter) (WizLab)
  A merfolk siren (Lair:4)
  4 smoke demons
  4 black mambas
  A gargoyle (D:15)
  A water nymph (shapeshifter) (WizLab)
  6 torpor snails
  An orange demon (Abyss:2)
  10 komodo dragons
  4 efreet
  A yaktaur (shapeshifter) (WizLab)
  8 spiny frogs
  A komodo dragon (shapeshifter) (WizLab)
  A spriggan skeleton (Depths:1)
  A rime drake (shapeshifter) (WizLab)
  2 tengu conjurers (Depths:2)
  2 yaktaur skeletons (Depths:1)
  2 demonic crawlers
  2 yaktaurs (Depths:2)
  3 ancient zymes
  A jumping spider (shapeshifter) (WizLab)
  2 jumping spiders (Lair:2)
  2 merfolk (Shoals:2)
  A hornet (shapeshifter) (D:15)
  3 meliai (shapeshifter) (WizLab)
  A tyrant leech (Abyss:3)
  7 polar bears (Lair:6)
  8 trolls
  A wind drake (Shoals:2)
  A wind drake (shapeshifter) (WizLab)
  9 blink frogs
  A slime creature (D:13)
  5 hornets
  A blink frog (shapeshifter) (WizLab)
  A raiju (shapeshifter) (WizLab)
  2 snapping turtles
  7 dream sheep
  A dream sheep (shapeshifter) (WizLab)
  9 hippogriffs
  8 small abominations
  A snapping turtle (shapeshifter) (WizLab)
  A raiju (Abyss:3)
  8 redbacks
  2 shadows
  6 water elementals
  11 spriggans
  8 wyverns
  2 spriggans (shapeshifter) (WizLab)
  3 wraiths
  2 redbacks (shapeshifter) (WizLab)
  A ynoxinul (Abyss:4)
  2 humans
  A yak (shapeshifter) (WizLab)
  2 fire bats (Abyss:3)
  A tarantella (shapeshifter) (WizLab)
  31 yaks
  Eustachio (D:6)
  2 neqoxecs (Abyss:4)
  5 hogs
  A golden eye (shapeshifter) (WizLab)
  A hungry ghost (D:7)
  7 vampire mosquitoes
  6 basilisks
  2 large abominations
  Edmund (D:6)
  2 soldier ants (shapeshifter)
  3 wargs
  16 water moccasins
  14 porcupines
  2 floating eyes (WizLab)
  14 orc warriors
  2 phantoms
  3 sky beasts
  A black bear (shapeshifter) (WizLab)
  4 black bears
  A necrophage (D:10)
  A hornet zombie (D:15)
  5 ice beasts
  11 ogres
  15 centaurs
  42 wolves
  2 eyes of draining
  A wolf (shapeshifter) (WizLab)
  9 boggarts
  9 crocodiles
  2 big kobolds (D:10)
  22 bullfrogs
  A gnoll sergeant (D:10)
  An earth elemental (Abyss:3)
  26 killer bees
  A scorpion (shapeshifter) (WizLab)
  6 scorpions
  10 wights
  3 howler monkeys
  2 electric eels
  6 crimson imps
  A hound (D:5)
  20 orc wizards
  5 jellies
  5 bullfrog zombies
  4 bullfrog skeletons
  9 centaur skeletons
  An iron imp (Abyss:3)
  18 orc priests
  Crazy Yiuf (D:6)
  6 iguanas
  12 worker ants
  2 hound zombies
  A worker ant zombie (D:11)
  11 adders
  5 gnolls (D:10)
  3 river rats (D:5)
  4 shadow imps
  2 adder zombies
  An adder skeleton (D:6)
  6 worms
  2 dart slugs
  2 leopard geckos
  74 orcs
  9 giant cockroaches
  9 hobgoblins
  5 jackals
  4 quokkas
  3 ball pythons (Sewer)
  7 bats
  13 frilled lizards
  8 goblins
  19 kobolds
  A leopard gecko skeleton (D:4)
  15 rats
  A spectral orc (D:9)
  A fungus (D:6)
890 creatures vanquished.

Vanquished Creatures (collateral kills)
  3 very ugly things (WizLab)
  A centaur warrior (D:13)
  An orc high priest (Orc:2)
  An ugly thing (WizLab)
  2 floating eyes (WizLab)
  An orc warrior (Orc:2)
  2 centaurs (D:13)
11 creatures vanquished.

Vanquished Creatures (others)
  A fire crab (shapeshifter) (WizLab)
  2 dancing weapons (Orc:2)
  A raiju (shapeshifter) (WizLab)
  A centaur (D:13)
  A wolf (shapeshifter) (WizLab)
  A small abomination (Abyss:4)
  An orc wizard (Orc:2)
  3 fungi
  8 plants
  13 starspawn tentacles
32 creatures vanquished.

Grand Total: 933 creatures vanquished

Notes
Turn   | Place    | Note
-------+----------+-------------------------------------------
     0 | D:1      | Ge0ff the Spriggan Enchanter began the quest for the Orb.
     0 | D:1      | Reached XP level 1. HP: 9/9 MP: 5/5
   258 | D:1      | Found an iron altar of Okawaru.
   558 | D:1      | Reached XP level 2. HP: 13/13 MP: 2/6
   571 | D:1      | Learned a level 2 spell: Ensorcelled Hibernation
   818 | D:1      | Reached skill level 5 in Stealth
  1018 | D:2      | Reached XP level 3. HP: 16/16 MP: 8/8
  1022 | D:2      | Noticed a bullfrog
  1025 | D:2      | Killed a bullfrog
  1025 | D:2      | Reached skill level 6 in Stealth
  1025 | D:2      | Reached XP level 4. HP: 21/21 MP: 10/10
  1322 | D:2      | Reached skill level 5 in Hexes
  1322 | D:2      | Reached XP level 5. HP: 24/24 MP: 11/11
  1402 | D:2      | Found a stormy altar of Qazlal.
  1854 | D:2      | Found a shadowy altar of Dithmenos.
  1863 | D:2      | Became a worshipper of Dithmenos the Shadowed
  2105 | D:3      | Found a burning altar of Makhleb.
  2113 | D:3      | Learned a level 3 spell: Confusing Touch
  2117 | D:3      | Learned a level 3 spell: Tukima's Dance
  2121 | D:3      | Learned a level 3 spell: Dazzling Flash
  2541 | D:3      | Reached skill level 7 in Stealth
  2774 | D:3      | Reached * piety under Dithmenos
  2901 | D:3      | Reached XP level 6. HP: 25/28 MP: 12/12
  3572 | D:3      | Found a blossoming altar of Fedhas.
  4127 | D:4      | Found a white marble altar of Elyvilon.
  4301 | D:4      | Found a shimmering blue altar of Sif Muna.
  4444 | D:5      | Entered Level 5 of the Dungeon
  4477 | D:5      | Reached XP level 7. HP: 25/32 MP: 2/14
  4515 | D:5      | Reached ** piety under Dithmenos
  4524 | D:5      | Reached skill level 1 in Conjurations
  4536 | D:5      | Reached skill level 8 in Stealth
  4623 | D:5      | Found a hide-covered altar of Uskayaw.
  4682 | D:5      | Found a glowing drain.
  4724 | Sewer    | Entered a sewer
  5198 | D:5      | Reached skill level 5 in Spellcasting
  5482 | D:5      | Found a bloodstained altar of Trog.
  5585 | D:6      | Found a runed translucent door.
  5586 | D:6      | Noticed Crazy Yiuf
  5593 | D:6      | Killed Crazy Yiuf
  5598 | D:6      | Got a fine mace
  5706 | D:6      | Noticed Edmund
  5734 | D:6      | Reached skill level 9 in Stealth
  5734 | D:6      | Reached XP level 8. HP: 36/36 MP: 17/17
  5736 | D:6      | Killed Edmund
  5799 | D:6      | Found an ornate altar of the Wu Jian Council.
  5800 | D:6      | Noticed Eustachio
  5802 | D:6      | Reached *** piety under Dithmenos
  6094 | D:6      | Found a staircase to the Ecumenical Temple.
  6099 | Temple   | Entered the Ecumenical Temple
  6123 | D:6      | Killed Eustachio
  6533 | D:6      | Reached skill level 10 in Stealth
  6807 | D:6      | Found an ancient bone altar of Kikubaaqudgha.
  6812 | D:6      | Found a sparkling altar of Nemelex Xobeh.
  6865 | D:6      | You fall into a shaft and drop 3 floors!
  6908 | D:9      | Found a basalt altar of Yredelemnul.
  7122 | D:8      | Reached skill level 1 in Invocations
  7137 | D:8      | Reached skill level 1 in Fighting
  7137 | D:8      | Reached XP level 9. HP: 18/41 MP: 16/20
  7402 | D:7      | You fall into a shaft and drop 2 floors!
  7571 | D:7      | Noticed a troll
  7579 | D:7      | Killed a troll
  7837 | D:7      | Reached skill level 5 in Short Blades
  7846 | D:7      | Found Hissi's Armour Emporium.
  8186 | D:8      | Reached skill level 11 in Stealth
  9375 | D:9      | Reached skill level 5 in Dodging
  9669 | D:9      | Reached XP level 10. HP: 46/46 MP: 23/23
  9846 | D:9      | Found a staircase to the Orcish Mines.
  9850 | D:9      | Reached **** piety under Dithmenos
  9867 | D:9      | Noticed a two-headed ogre
  9884 | D:9      | Found a roughly hewn altar of Beogh.
  9910 | D:9      | Killed a two-headed ogre
 10688 | D:9      | Reached skill level 12 in Stealth
 10923 | D:10     | Entered Level 10 of the Dungeon
 11630 | D:10     | Reached skill level 10 in Hexes
 11983 | D:10     | Reached ***** piety under Dithmenos
 12570 | D:11     | Noticed Urug
 12578 | D:11     | Killed Urug
 12578 | D:11     | Reached XP level 11. HP: 51/51 MP: 25/25
 12612 | D:11     | Found a flickering gateway to a bazaar.
 12632 | Bazaar   | Entered a bazaar
 12632 | Bazaar   | Found Ybucw's General Store.
 12651 | Bazaar   | Found Dosifaso's Weapon Emporium.
 12656 | Bazaar   | Found Ynyfecry's Distillery.
 12666 | Bazaar   | Bought a potion of curing for 36 gold pieces
 12666 | Bazaar   | Found Loeh's Book Emporium.
 12674 | Bazaar   | Found Decsosuh's Assorted Antiques.
 12688 | Bazaar   | Bought a book of Party Tricks for 500 gold pieces
 12690 | Bazaar   | Learned a level 1 spell: Apportation
 12692 | Bazaar   | Learned a level 1 spell: Summon Butterflies
 12699 | Bazaar   | Learned a level 6 spell: Invisibility
 12706 | Bazaar   | Bought a cyan potion for 18 gold pieces
 12706 | Bazaar   | Bought a scroll labeled BINIEL ZOSOPUEDGH for 20 gold
                  | pieces
 12706 | Bazaar   | Bought a purple potion for 18 gold pieces
 12706 | Bazaar   | Bought a scroll of magic mapping for 70 gold pieces
 13135 | D:11     | Noticed a purple ugly thing
 13140 | D:11     | Killed a purple ugly thing
 13204 | D:11     | Noticed a four-headed hydra
 13211 | D:11     | Killed a four-headed hydra
 13211 | D:11     | Reached skill level 1 in Translocations
 13227 | D:11     | Noticed Erica
 13457 | D:11     | Reached skill level 13 in Stealth
 13545 | D:11     | Found a runed translucent gate.
 13598 | D:11     | Found a runed translucent gate.
 13599 | D:11     | Found a runed translucent gate.
 13600 | D:11     | Noticed a 12-headed hydra
 13601 | D:11     | Noticed Alannah's ghost (journeyman DsHu)
 13601 | D:11     | Noticed an 11-headed hydra
 13611 | D:11     | Killed a 12-headed hydra
 13635 | D:11     | Killed Alannah's ghost
 13649 | D:11     | Killed an 11-headed hydra
 13927 | D:11     | Reached skill level 10 in Spellcasting
 14017 | D:11     | Found a staircase to the Lair.
 14498 | D:11     | Killed Erica
 14539 | Lair:1   | Entered Level 1 of the Lair of Beasts
 14745 | Lair:1   | Found a white marble altar of Elyvilon.
 15215 | Lair:1   | Noticed a four-headed hydra
 15222 | Lair:1   | Killed a four-headed hydra
 15222 | Lair:1   | Reached XP level 12. HP: 57/57 MP: 27/27
 15500 | Lair:2   | Found a hole to the Spider Nest.
 15623 | Lair:2   | Reached skill level 14 in Stealth
 15623 | Lair:2   | Reached skill level 1 in Shields
 15901 | Lair:2   | Noticed a four-headed hydra
 15907 | Lair:2   | Killed a four-headed hydra
 16600 | Lair:3   | Reached skill level 5 in Invocations
 17127 | Lair:3   | Reached skill level 5 in Translocations
 18475 | Lair:4   | Reached XP level 13. HP: 62/62 MP: 29/29
 18550 | Lair:4   | Reached skill level 15 in Stealth
 18873 | Lair:4   | Found a staircase to the Shoals.
 19094 | Lair:5   | Reached skill level 1 in Ice Magic
 19377 | Lair:4   | Reached ****** piety under Dithmenos
 19723 | Lair:5   | Reached skill level 10 in Short Blades
 19767 | Lair:5   | Noticed Kirke
 19825 | Lair:5   | Noticed Sonja
 19832 | Lair:5   | Killed Sonja
 19960 | Lair:5   | Reached skill level 5 in Fighting
 20093 | Lair:5   | Reached skill level 1 in Evocations
 20235 | Lair:5   | Found a staircase to the Slime Pits.
 20235 | Lair:5   | Found a viscous altar of Jiyva.
 20434 | Lair:5   | Identified a scroll of acquirement
 20577 | Lair:5   | Reached skill level 1 in Summonings
 20673 | Lair:5   | Killed Kirke
 20781 | Lair:6   | Entered Level 6 of the Lair of Beasts
 20981 | Lair:6   | Reached skill level 10 in Dodging
 21059 | Lair:6   | Got a creamy pearl robe
 21070 | Lair:6   | Identified the +1 robe of Weirdness {rElec Int-5 Dex+4}
                  | (You found it on level 6 of the Lair of Beasts)
 21443 | Lair:6   | Reached skill level 16 in Stealth
 21456 | Lair:6   | Reached XP level 14. HP: 67/67 MP: 31/31
 22895 | Orc:1    | Entered Level 1 of the Orcish Mines
 23166 | Orc:1    | Found Mekh's Antique Armour Shoppe.
 23563 | Orc:2    | Entered Level 2 of the Orcish Mines
 23807 | Orc:2    | Found a large runed translucent door.
 23812 | Orc:2    | Found a large runed translucent door.
 23815 | Orc:2    | Noticed Ge0ff's ghost (journeyman SpEn)
 23823 | Orc:2    | Killed Ge0ff's ghost
 23878 | Orc:2    | Found a staircase to the Elven Halls.
 25460 | Orc:2    | Found Oxokega's Assorted Antiques.
 25460 | Orc:2    | Found Ohoal's Magic Scroll Boutique.
 25462 | Orc:2    | Found Weizaf's Distillery.
 25462 | Orc:2    | Found Ulidep's General Store.
 25474 | Orc:2    | Bought a potion of heal wounds for 80 gold pieces
 25477 | Orc:2    | Bought a scroll of acquirement for 832 gold pieces
 25477 | Orc:2    | Bought a scroll of identify for 32 gold pieces
 25477 | Orc:2    | Bought a scroll of teleportation for 48 gold pieces
 25477 | Orc:2    | Bought a scroll of fog for 32 gold pieces
 25477 | Orc:2    | Bought a scroll of enchant weapon for 120 gold pieces
 25483 | Orc:2    | Got the ring of Vetekock {Int+5 Slay+4}
 25512 | Orc:2    | Bought a purple potion for 32 gold pieces
 25512 | Orc:2    | Bought a purple potion for 32 gold pieces
 25512 | Orc:2    | Bought a scroll of identify for 72 gold pieces
 25516 | Orc:2    | Bought a potion of ambrosia for 128 gold pieces
 25516 | Orc:2    | Bought a potion of brilliance for 64 gold pieces
 25516 | Orc:2    | Bought a potion of lignification for 48 gold pieces
 25526 | Orc:2    | Bought a scroll of teleportation for 39 gold pieces
 25526 | Orc:2    | Bought a throwing net for 39 gold pieces
 25531 | Orc:2    | Bought a potion of flight for 48 gold pieces
 25531 | Orc:2    | Bought a potion of heal wounds for 80 gold pieces
 25531 | Orc:2    | Bought a potion of flight for 48 gold pieces
 25531 | Orc:2    | Bought a potion of flight for 48 gold pieces
 25531 | Orc:2    | Bought a potion of curing for 48 gold pieces
 25531 | Orc:2    | Bought a potion of curing for 48 gold pieces
 25540 | Orc:2    | Bought a potion of heal wounds for 180 gold pieces
 25540 | Orc:2    | Bought a scroll of teleportation for 108 gold pieces
 27159 | D:13     | Reached skill level 17 in Stealth
 27412 | D:13     | Reached XP level 15. HP: 72/72 MP: 29/32
 27427 | D:13     | Reached skill level 5 in Evocations
 28809 | D:15     | Entered Level 15 of the Dungeon
 28825 | D:15     | Found a sacrificial altar of Ru.
 29672 | D:15     | Reached skill level 18 in Stealth
 29907 | D:15     | Found a staircase to the Depths.
 30221 | Spider:1 | Entered Level 1 of the Spider Nest
 30502 | Spider:4 | Entered Level 4 of the Spider Nest
 30509 | Spider:4 | Noticed a ghost moth
 30515 | Spider:4 | Killed a ghost moth
 30523 | Spider:4 | Noticed a ghost moth
 30524 | Spider:4 | Noticed a ghost moth
 30525 | Spider:4 | Killed a ghost moth
 30527 | Spider:4 | Got a gossamer rune of Zot
 30759 | Shoals:1 | Entered Level 1 of the Shoals
 31149 | Shoals:3 | Found a runed translucent door.
 31150 | Shoals:3 | Found a shimmering altar of Xom.
 31150 | Shoals:3 | Noticed thechecker02's ghost (adept GnFi)
 31226 | Shoals:3 | Reached skill level 10 in Translocations
 31493 | Shoals:4 | Entered Level 4 of the Shoals
 31500 | Shoals:4 | Got a barnacled rune of Zot
 31844 | Depths:1 | Entered Level 1 of the Depths
 31859 | Depths:1 | Found a gateway to a ziggurat.
 31860 | Depths:1 | Noticed a tengu reaver
 31865 | Depths:1 | Killed a tengu reaver
 32051 | Depths:1 | Noticed Mara
 32252 | Depths:1 | Reached XP level 16. HP: 78/78 MP: 29/34
 32353 | Depths:1 | You fall into a shaft and drop 1 floor!
 32354 | Depths:2 | Noticed a titan
 32585 | Depths:2 | Noticed a sphinx
 32589 | Depths:2 | Killed a sphinx
 32590 | Depths:2 | Reached skill level 10 in Invocations
 32949 | Depths:1 | Found Xaxiubb's Antique Weapon Shop.
 33057 | Depths:3 | Found a gateway to Hell.
 33058 | Depths:3 | Reached skill level 19 in Stealth
 33092 | Depths:3 | Found a magical portal.
 33097 | WizLab   | Entered Cigotuvi's Fleshworks
 33878 | WizLab   | Paralysed by a floating eye for 2 turns
 33894 | WizLab   | Noticed a storm dragon
 33894 | WizLab   | a queen ant changed into a storm dragon
 33895 | WizLab   | a storm dragon changed into a queen ant
 33944 | WizLab   | Found the -2 hat of the Alchemist {rElec rPois rF+ rC+ rN+
                  | MR+ rMut rCorr}
 34104 | WizLab   | Identified the Catalogue of Transmigration
 34105 | WizLab   | Identified Cigotuvi's Handbook of Doomed Moulding
 34106 | WizLab   | Identified Sif Muna's Guide on Changing
 34113 | WizLab   | Learned a level 2 spell: Passwall
 34117 | WizLab   | Noticed Cigotuvi's Monster
 34315 | Depths:3 | Noticed a tengu reaver
 34319 | Depths:3 | Found a one-way gate to the infinite horrors of the Abyss.
 34337 | Depths:3 | Voluntarily entered the Abyss.
 34369 | Abyss:1  | Noticed a tentacled starspawn
 34399 | Abyss:1  | Noticed a tentacled starspawn
 34431 | Abyss:1  | Noticed a tentacled starspawn
 34453 | Abyss:1  | Noticed a bone dragon
 34670 | Abyss:2  | Noticed a profane servitor
 34798 | Abyss:2  | Found a white marble altar of Elyvilon.
 34798 | Abyss:2  | Found a glowing golden altar of the Shining One.
 34798 | Abyss:2  | Found a shimmering altar of Xom.
 34798 | Abyss:2  | Found an iron altar of Okawaru.
 34798 | Abyss:2  | Found a shadowy altar of Dithmenos.
 34798 | Abyss:2  | Found a shimmering blue altar of Sif Muna.
 34798 | Abyss:2  | Found a glowing silver altar of Zin.
 34798 | Abyss:2  | Found a sparkling altar of Nemelex Xobeh.
 34798 | Abyss:2  | Found a basalt altar of Yredelemnul.
 34798 | Abyss:2  | Found a blossoming altar of Fedhas.
 34800 | Abyss:2  | Found an opulent altar of Gozag.
 34873 | Abyss:2  | Found an iron altar of Okawaru.
 34878 | Abyss:2  | Noticed a tentacled starspawn
 34993 | Abyss:2  | Noticed a tentacled starspawn
 34994 | Abyss:2  | Reached skill level 1 in Transmutations
 35003 | Abyss:2  | Noticed a tentacled starspawn
 35219 | Abyss:3  | Found an opulent altar of Gozag.
 35310 | Abyss:3  | Found a corrupted altar of Lugonu.
 35343 | Abyss:3  | Reached skill level 1 in Earth Magic
 35402 | Abyss:3  | Noticed a tentacled starspawn
 35500 | Abyss:3  | Found a hazy altar of Hepliaklqana.
 35659 | Abyss:3  | Found a corrupted altar of Lugonu.
 35846 | Abyss:4  | Noticed a tentacled starspawn
 36006 | Abyss:4  | Noticed a tentacled starspawn
 36150 | Abyss:4  | Noticed a tentacled starspawn
 36166 | Abyss:4  | Found a hazy altar of Hepliaklqana.
 36221 | Abyss:4  | Noticed a tentacled starspawn
 36570 | Abyss:4  | Found a glowing golden altar of the Shining One.
 36585 | Abyss:4  | Noticed a juggernaut
 36587 | Abyss:4  | Got an abyssal rune of Zot
 36596 | Abyss:4  | Found a glowing golden altar of the Shining One.
 36626 | Abyss:4  | Found a corrupted altar of Lugonu.
 36692 | Abyss:4  | Noticed a tentacled starspawn
 36776 | Abyss:4  | Noticed a bone dragon
 36838 | Abyss:4  | Noticed an Executioner
 36842 | Abyss:4  | Found a sparkling altar of Nemelex Xobeh.
 36845 | Depths:3 | Escaped the Abyss
 36955 | Depths:3 | Gained mutation: Your system is resistant to poisons.
                  | (rPois) [potion of mutation]
 36955 | Depths:3 | Gained mutation: You have large cloven feet. [potion of
                  | mutation]
 36955 | Depths:3 | Gained mutation: You are partially covered in yellow
                  | scales. (AC +2) [potion of mutation]
 36956 | Depths:3 | Lost mutation: You have large cloven feet. [potion of
                  | mutation]
 36956 | Depths:3 | Lost mutation: Your system is resistant to poisons. (rPois)
                  | [potion of mutation]
 36956 | Depths:3 | Gained mutation: Your movements are slightly less
                  | encumbered by armour. (ER -2) [potion of mutation]
 36956 | Depths:3 | Gained mutation: Your muscles are strong. (Str +2) [potion
                  | of mutation]
 36957 | Depths:3 | Lost mutation: Your muscles are strong. (Str +2) [potion of
                  | mutation]
 36957 | Depths:3 | Gained mutation: You are weak. (Str -2) [potion of
                  | mutation]
 36957 | Depths:3 | Gained mutation: You are frail. (-10% HP) [potion of
                  | mutation]
 36957 | Depths:3 | Gained mutation: You are partially covered in thin metallic
                  | scales. (AC +2) [potion of mutation]
 36958 | Depths:3 | Lost mutation: You are frail. (-10% HP) [potion of
                  | mutation]
 36958 | Depths:3 | Lost mutation: You are weak. (Str -2) [potion of mutation]
 36958 | Depths:3 | Lost mutation: You are partially covered in yellow scales.
                  | (AC +2) [potion of mutation]
 36958 | Depths:3 | Gained mutation: Your body sometimes deteriorates upon
                  | taking damage. [potion of mutation]
 36958 | Depths:3 | Gained mutation: You are mostly covered in thin metallic
                  | scales. (AC +3) [potion of mutation]
 36958 | Depths:3 | Gained mutation: You tend to lose your temper in combat.
                  | [potion of mutation]
 36958 | Depths:3 | Lost mutation: You tend to lose your temper in combat.
                  | [potion of mutation]
 36959 | Depths:3 | Lost mutation: You are mostly covered in thin metallic
                  | scales. (AC +3) [potion of mutation]
 36959 | Depths:3 | Lost mutation: Your body sometimes deteriorates upon taking
                  | damage. [potion of mutation]
 36959 | Depths:3 | Gained mutation: You occasionally shout uncontrollably at
                  | your foes. [potion of mutation]
 36959 | Depths:3 | Gained mutation: You have sharp toenails. [potion of
                  | mutation]
 36959 | Depths:3 | Gained mutation: Your magical capacity is low. (-10% MP)
                  | [potion of mutation]
 36959 | Depths:3 | Gained mutation: You have a pair of small horns on your
                  | head. [potion of mutation]
 36960 | Depths:3 | Lost mutation: You have sharp toenails. [potion of
                  | mutation]
 36960 | Depths:3 | Lost mutation: Your magical capacity is low. (-10% MP)
                  | [potion of mutation]
 36960 | Depths:3 | Gained mutation: You are occasionally teleported next to
                  | monsters. [potion of mutation]
 36960 | Depths:3 | Gained mutation: You are partially covered in iridescent
                  | scales. (AC +2) [potion of mutation]
 36961 | Depths:3 | Lost mutation: You have a pair of small horns on your head.
                  | [potion of mutation]
 36961 | Depths:3 | Gained mutation: You evolve. [potion of mutation]
 36962 | Depths:3 | Lost mutation: You are occasionally teleported next to
                  | monsters. [potion of mutation]
 36962 | Depths:3 | Lost mutation: You evolve. [potion of mutation]
 36962 | Depths:3 | Lost mutation: You occasionally shout uncontrollably at
                  | your foes. [potion of mutation]
 36962 | Depths:3 | Lost mutation: Your movements are slightly less encumbered
                  | by armour. (ER -2) [potion of mutation]
 36962 | Depths:3 | Gained mutation: You are resistant to electric shocks.
                  | (rElec) [potion of mutation]
 36962 | Depths:3 | Gained mutation: You have very sharp teeth. [potion of
                  | mutation]
 36962 | Depths:3 | Gained mutation: You are weak. (Str -2) [potion of
                  | mutation]
 36962 | Depths:3 | Gained mutation: You possess an exceptional clarity of
                  | mind. [potion of mutation]
 36963 | Depths:3 | Lost mutation: You are weak. (Str -2) [potion of mutation]
 36963 | Depths:3 | Lost mutation: You are partially covered in thin metallic
                  | scales. (AC +2) [potion of mutation]
 36963 | Depths:3 | Lost mutation: You are partially covered in iridescent
                  | scales. (AC +2) [potion of mutation]
 36963 | Depths:3 | Lost mutation: You possess an exceptional clarity of mind.
                  | [potion of mutation]
 36963 | Depths:3 | Gained mutation: You are partially covered in molten
                  | scales. (AC +2) [potion of mutation]
 36963 | Depths:3 | Gained mutation: Your flesh is cold resistant. (rC+)
                  | [potion of mutation]
 37202 | Depths:5 | Entered Level 5 of the Depths
 37202 | Depths:5 | Noticed a lich
 37230 | Depths:3 | Noticed a lich
 37243 | Depths:3 | Blown up by a lich

Illustrated notes

Levels and vault maps discovered:
D:1:      dpeg_arrival_solitude, layout_basic, okawaru_ov_weapons_minmay
D:2:      layout_basic, lemuel_round_altar,
          nicolae_dithmenos_through_a_glass_darkly, minmay_pentomino_v4
D:3:      layout_basic, fedhas_altar_4, lemuel_crystal_altar
D:4:      layout_loops_ring, kennysheep_mini_moat, marbit_many_paths,
          chequers_serial_rivers_small_3, minmay_strange_pillars
D:5:      layout_rooms, eat_drink_and_be_merry_uskayaw,
          lemuel_coloured_pillars_altar, lightli_sewer_entry_pipes, first_ration
D:6:      layout_loops_ring, minitemple, old_standard_altar,
          minmay_temple_entry_nine_rooms, uniq_eustachio,
          uniq_crazy_yiuf_cottage, uniq_edmund
D:7:      layout_loops_ring, serial_shops, shop
D:8:      layout_loops_cross
D:9:      layout_loops_corners, yredelemnul_forgotten_temple_becter,
          minmay_orc_entry_temple_small, grunt_livestock
D:10:     layout_irregular_city
D:11:     layout_loops_corners, lair_entry_dummy, serial_shops, bzr_entry_water,
          gammafunk_ghost_hydra_chop, uniq_urug, uniq_erica
D:12:     layout_basic, hex_medium
D:13:     layout_roguey, hangedman_vaults_entry_quadrant_bands
D:14:     layout_basic, chequers_serial_rivers_marsh
D:15:     grunt_enter_depths_hoard, layout_loops_ring,
          chequers_serial_rivers_small_b, nicolae_ru_path_of_blood
Temple:   eino_wide_crystal_templ
Lair:1:   layout_cave_pods, basic_altar
Lair:2:   beast_lair_carwin_large_1, layout_gridlike,
          nicolae_spider_entry_tight_spaces
Lair:3:   layout_regular_city, chequers_serial_rivers_room_b,
          nicolae_lair_grove_arrangements, beast_lair_carwin_5
Lair:4:   layout_regular_city, minmay_shoals_entry_lonely_mermaid,
          grunt_forest_large_clearings, infiniplex_staircase_pool
Lair:5:   nzn_motion_control, layout_long_grid, slime_altar_1,
          hangedman_lair_generics_rect, uniq_kirke, uniq_sonja
Lair:6:   minmay_lair_end_enchanted_forest, layout_long_grid,
          minmay_shattered_shrine
Shoals:1: layout_shoals, hangedman_shoals_cup_caves
Shoals:2: layout_shoals, nicolae_shoals_cliffside_cave, lemuel_centaur_altar,
          uniq_roxanne, uniq_polyphemus, uniq_ilsuiw
Shoals:3: cheibrodos_shoals_oceanic_diplomacy, layout_shoals, serial_shops,
          nicolae_shop_statue_plus, ebering_ghost_xom
Shoals:4: shoals_end_simple, layout_shoals, nicolae_shoals_drake_roost
Spider:1: layout_chambers
Spider:2: layout_spider_delve
Spider:3: layout_spider_delve, uniq_arachne
Spider:4: johnstein_spider_rune_arachne_lair
Orc:1:    layout_caves, serial_shops, shop
Orc:2:    grunt_orc_tribal_feast, layout_caves, ebering_ghost_disaster_area
Depths:1: layout_honeycomb, enter_ziggurat_e, serial_shops, shop_fountains,
          pf_coc_iceberg, chequers_serial_rivers_small_3, hangedman_aerie_drop,
          uniq_mara
Depths:2: box_level_dp, pan_entry, hell_entry
Depths:3: angbandy_vault, layout_cave_pools, rand_demon_pan_entry_4,
          abyss_entry, infiniplex_enter_wizlab_spiral, minmay_curled_crystal,
          ebering_ghost_reflecting_pool, hell_entry
Depths:4: minmay_the_grid_triangle_9x9_recursive_2_mashed
          [minmay_the_grid_triangle_9x9_prize_schism,
          minmay_the_grid_triangle_9x9_semitri,
          minmay_the_grid_triangle_9x9_descending_squares,
          minmay_the_grid_triangle_9x9_thin_v], layout_gridlike, hellmouth_1,
          nicolae_twisting_strands, abyss_entry, corexii_leaking_fountain
Depths:5: evilmike_zot_entry_castle, layout_honeycomb, lightli_too_deep,
          chequers_serial_rivers_large_a

Skill      XL: |  1  2  3  4  5  6  7  8  9 10 11 12 13 14 15 16 |
---------------+-------------------------------------------------+-----
Hexes          | 4 5 6 7 8 9 10 11 12 13 14 | 14.0
Spellcasting   | 3 4 5 7 8 9 10 11 12 13 | 13.0
Stealth        | 5 6 7 9 10 11 12 13 14 16 17 18 19 | 19.3
Short Blades   | 2 3 4 5 7 8 9 10 | 10.0
Conjurations   | 1 2 3 |  3.0
Invocations    | 1 2 3 4 5 6 8 9 11 | 11.0
Fighting       | 1 2 3 4 5 6 7 |  7.6
Dodging        | 5 6 7 8 10 11 12 13 | 13.6
Translocations | 3 5 6 8 10 11 | 11.7
Shields        | 2 |  2.0
Ice Magic      | 2 3 |  3.0
Evocations     | 2 4 7 8 |  8.5
Summonings     | 1 3 |  3.0
Transmutations | 3 |  3.0
Earth Magic    | 2 |  2.0

Action                   |  1- 3 |  4- 6 |  7- 9 | 10-12 | 13-15 | 16-18 || total
-------------------------+-------+-------+-------+-------+-------+-------++-------
Melee: Dagger            |    90 |   170 |   237 |   322 |   588 |   221 ||  1628
       Short sword       |       |       |     9 |       |       |       ||     9
       Rapier            |       |       |       |       |     6 |    23 ||    29
Throw: Boomerang         |       |     9 |    11 |    54 |    63 |    21 ||   158
       Dart              |       |       |     2 |       |     5 |    12 ||    19
       Throwing net      |       |       |       |       |     1 |       ||     1
 Cast: Corona            |    10 |       |       |       |       |       ||    10
       Ensorcelled Hiber |     1 |    68 |    89 |   248 |   296 |    63 ||   765
       Confusing Touch   |       |     2 |    11 |    19 |    35 |    16 ||    83
       Tukima's Dance    |       |       |       |       |    10 |       ||    10
       Invisibility      |       |       |       |       |     8 |    12 ||    20
       Apportation       |       |       |       |       |    37 |    68 ||   105
       Passwall          |       |       |       |       |       |    38 ||    38
Invok: Shadow Step       |       |       |       |       |     9 |     4 ||    13
       Shadow Form       |       |       |       |       |       |     1 ||     1
 Abil: End Transformatio |       |       |       |       |       |     1 ||     1
Evoke: Wand              |       |       |       |       |    41 |    13 ||    54
       Lightning rod     |       |       |       |       |     1 |       ||     1
  Use: Scroll            |       |     6 |     5 |     6 |    27 |    13 ||    57
       Potion            |       |       |       |       |       |    19 ||    19
 Stab: Sleeping          |     7 |    56 |    74 |   188 |   304 |    67 ||   696
       Confused          |       |     1 |     8 |    20 |    39 |    15 ||    83
       Invisible         |       |       |       |       |    12 |    25 ||    37
       Held in net/web   |       |       |       |       |     2 |       ||     2
       Distracted        |       |       |       |       |     1 |       ||     1
       Paralysed         |       |       |       |       |     1 |     1 ||     2
  Eat: Ration            |       |     2 |     3 |     4 |     9 |     5 ||    23
Armor: Robe              |     8 |     6 |    10 |    16 |    26 |    13 ||    79
       Troll leather arm |       |       |       |       |       |     1 ||     1
Dodge: Dodged            |    99 |   141 |   124 |   313 |   386 |   200 ||  1263
Block: Buckler           |       |       |       |    70 |   173 |    81 ||   324

Levels and vault maps discovered:
D:1:      dpeg_arrival_solitude, layout_basic, okawaru_ov_weapons_minmay
D:2:      layout_basic, lemuel_round_altar,
          nicolae_dithmenos_through_a_glass_darkly, minmay_pentomino_v4
D:3:      layout_basic, fedhas_altar_4, lemuel_crystal_altar
D:4:      layout_loops_ring, kennysheep_mini_moat, marbit_many_paths,
          chequers_serial_rivers_small_3, minmay_strange_pillars
D:5:      layout_rooms, eat_drink_and_be_merry_uskayaw,
          lemuel_coloured_pillars_altar, lightli_sewer_entry_pipes, first_ration
D:6:      layout_loops_ring, minitemple, old_standard_altar,
          minmay_temple_entry_nine_rooms, uniq_eustachio,
          uniq_crazy_yiuf_cottage, uniq_edmund
D:7:      layout_loops_ring, serial_shops, shop
D:8:      layout_loops_cross
D:9:      layout_loops_corners, yredelemnul_forgotten_temple_becter,
          minmay_orc_entry_temple_small, grunt_livestock
D:10:     layout_irregular_city
D:11:     layout_loops_corners, lair_entry_dummy, serial_shops, bzr_entry_water,
          gammafunk_ghost_hydra_chop, uniq_urug, uniq_erica
D:12:     layout_basic, hex_medium
D:13:     layout_roguey, hangedman_vaults_entry_quadrant_bands
D:14:     layout_basic, chequers_serial_rivers_marsh
D:15:     grunt_enter_depths_hoard, layout_loops_ring,
          chequers_serial_rivers_small_b, nicolae_ru_path_of_blood
Temple:   eino_wide_crystal_templ
Lair:1:   layout_cave_pods, basic_altar
Lair:2:   beast_lair_carwin_large_1, layout_gridlike,
          nicolae_spider_entry_tight_spaces
Lair:3:   layout_regular_city, chequers_serial_rivers_room_b,
          nicolae_lair_grove_arrangements, beast_lair_carwin_5
Lair:4:   layout_regular_city, minmay_shoals_entry_lonely_mermaid,
          grunt_forest_large_clearings, infiniplex_staircase_pool
Lair:5:   nzn_motion_control, layout_long_grid, slime_altar_1,
          hangedman_lair_generics_rect, uniq_kirke, uniq_sonja
Lair:6:   minmay_lair_end_enchanted_forest, layout_long_grid,
          minmay_shattered_shrine
Shoals:1: layout_shoals, hangedman_shoals_cup_caves
Shoals:2: layout_shoals, nicolae_shoals_cliffside_cave, lemuel_centaur_altar,
          uniq_roxanne, uniq_polyphemus, uniq_ilsuiw
Shoals:3: cheibrodos_shoals_oceanic_diplomacy, layout_shoals, serial_shops,
          nicolae_shop_statue_plus, ebering_ghost_xom
Shoals:4: shoals_end_simple, layout_shoals, nicolae_shoals_drake_roost
Spider:1: layout_chambers
Spider:2: layout_spider_delve
Spider:3: layout_spider_delve, uniq_arachne
Spider:4: johnstein_spider_rune_arachne_lair
Orc:1:    layout_caves, serial_shops, shop
Orc:2:    grunt_orc_tribal_feast, layout_caves, ebering_ghost_disaster_area
Depths:1: layout_honeycomb, enter_ziggurat_e, serial_shops, shop_fountains,
          pf_coc_iceberg, chequers_serial_rivers_small_3, hangedman_aerie_drop,
          uniq_mara
Depths:2: box_level_dp, pan_entry, hell_entry
Depths:3: angbandy_vault, layout_cave_pools, rand_demon_pan_entry_4,
          abyss_entry, infiniplex_enter_wizlab_spiral, minmay_curled_crystal,
          ebering_ghost_reflecting_pool, hell_entry
Depths:4: minmay_the_grid_triangle_9x9_recursive_2_mashed
          [minmay_the_grid_triangle_9x9_prize_schism,
          minmay_the_grid_triangle_9x9_semitri,
          minmay_the_grid_triangle_9x9_descending_squares,
          minmay_the_grid_triangle_9x9_thin_v], layout_gridlike, hellmouth_1,
          nicolae_twisting_strands, abyss_entry, corexii_leaking_fountain
Depths:5: evilmike_zot_entry_castle, layout_honeycomb, lightli_too_deep,
          chequers_serial_rivers_large_a
